 Dungeon Crawl Stone Soup version 0.23.2 (webtiles) character file.

Game seed: 14516389070209028396

11779 teukkam the Cruncher (level 11, -6/116 HPs)
             Began as a Minotaur Fighter on Apr 12, 2019.
             Was an Elder of Zin.
             Mangled by a spectral seven-headed hydra (8 damage)
             ... in a Gauntlet.
             The game lasted 00:43:16 (10261 turns).

teukkam the Cruncher (Minotaur Fighter)            Turns: 10261, Time: 00:43:17

Health: -6/116     AC: 13    Str: 30    XL:     11   Next: 53%
Magic:  8/10       EV:  9    Int: 12    God:    Zin [****..]
Gold:   363        SH:  0    Dex: 10    Spells: 10/10 levels left

rFire    . . .     SeeInvis .   a - +6 quarterstaff of the Endless Runes {elec, rPois rN+ Int+2}
rCold    . . .     Gourm    .   (shield currently unavailable)
rNeg     + + .     Faith    +   K - +0 chain mail
rPois    ∞         Spirit   .   (helmet restricted)
rElec    .         Reflect  .   (no cloak)
rCorr    .         Harm     .   (no gloves)
MR       +....     NoTele   +   (no boots)
Stlth    ..........             n - amulet of faith
HPRegen  0.29/turn              s - ring of Gaptuqofoh {rPois rN+ MR+ Int+4}
MPRegen  0.12/turn              y - +4 ring of strength

@: vitalised, slowed, lightly drained, very slow
A: retaliatory headbutt, horns 2, slimy green scales 1, robust 2
a: Recite, Vitalisation, Imprison, Donate Gold, Renounce Religion


You were in a Gauntlet.
You worshipped Zin.
Zin was greatly pleased with you.
You were not hungry.

You visited 3 branches of the dungeon, and saw 13 of its levels.
You also visited: Gauntlet.

You collected 603 gold pieces.
You spent 180 gold pieces at shops.
You donated 60 gold pieces to Zin.

Inventory:

Hand Weapons
 a - the +6 quarterstaff of the Endless Runes (weapon) {elec, rPois rN+ Int+2}
   (You bought it in a shop on level 5 of the Dungeon)

   Occasionally, upon striking a foe, it will discharge some electrical energy
   and cause terrible harm.
   It affects your intelligence (+2).
   It protects you from poison.
   It protects you from negative energy.
 b - a +1 shortbow of flaming
 r - a +1 dagger of venom
 z - the +1 short sword of Defence by Offence {flame, MR++}
   (You found it on level 7 of the Dungeon)

   It has been specially enchanted to burn those struck by it, causing extra
   injury to most foes and up to half again as much damage against particularly
   susceptible opponents.
   It affects your resistance to hostile enchantments.
 A - a +0 war axe
 G - a +0 whip of distortion
Missiles
 t - 16 tomahawks (quivered)
 B - 196 arrows
 E - 45 sling bullets
Armour
 c - a +1 shield
 K - a +0 chain mail (worn)
Jewellery
 n - an amulet of faith (around neck)
 s - the ring of Gaptuqofoh (left hand) {rPois rN+ MR+ Int+4}
   (You found it on level 5 of the Dungeon)

   [ring of intelligence]

   It affects your intelligence (+4).
   It protects you from poison.
   It protects you from negative energy.
   It affects your resistance to hostile enchantments.
 y - a +4 ring of strength (right hand)
 L - an uncursed ring of protection from magic
 N - an uncursed amulet of the gourmand {unknown}
Wands
 m - a wand of polymorph (2)
 F - a wand of flame (20)
Scrolls
 e - 6 scrolls of teleportation
 h - 9 scrolls of identify
 i - a scroll of fear
 o - a scroll of magic mapping
 u - 3 scrolls of enchant armour
 v - 3 scrolls of fog {unknown}
 D - 3 scrolls of remove curse
 I - a scroll of enchant weapon {unknown}
 J - 2 scrolls of random uselessness {unknown}
Potions
 d - 2 potions of resistance
 g - a potion of degeneration {unknown}
 j - 2 potions of heal wounds
 k - 2 potions of invisibility {unknown}
 l - a potion of ambrosia {unknown}
 p - 2 potions of mutation
 q - 2 potions of curing
 w - a potion of berserk rage {unknown}
 x - 3 potions of cancellation {unknown}
 C - a potion of haste {unknown}
 H - a potion of magic {unknown}
 M - a potion of agility {unknown}
Comestibles
 f - 10 rations


   Skills:
 - Level 9.3(9.0) Fighting
 - Level 2.2(2.1) Short Blades
 - Level 8.3(8.1) Axes
 + Level 13.7(13.4) Staves
 - Level 9.2(9.0) Armour
 - Level 9.3(9.1) Shields


You had 10 spell levels left.
You didn't know any spells.
Your spell library contained the following spells:

 Spells                   Type           Power        Failure   Level  Hunger
 Animate Skeleton         Necr           N/A          80%         1    ##.....
 Apportation              Tloc           #.....       80%         1    ##.....
 Beastly Appendage        Tmut           #.....       80%         1    ##.....
 Confusing Touch          Hex            #.....       80%         1    ##.....
 Summon Small Mammal      Summ           #...         80%         1    ##.....
 Sticks to Snakes         Tmut           #.......     90%         2    ###....
 Spider Form              Tmut/Pois      #.........   99%         3    ####...
 Ice Form                 Ice/Tmut       #.......     100%        4    #####..
 Blade Hands              Tmut           #.........   100%        5    ######.


Dungeon Overview and Level Annotations

Branches:
Dungeon (9/15)             Temple (1/1) D:4            Lair (3/6) D:8
  Snake (0/4) Lair:2
  Swamp: Lair:2-4    Shoals: Lair:2-4       Orc: D:9-12

Altars:
Ashenzari
Cheibriados
Dithmenos
Elyvilon
Fedhas
Gozag
Hepliaklqana
Kikubaaqudgha
Makhleb
Nemelex Xobeh
Okawaru
Qazlal
Ru
Sif Muna
Trog
Uskayaw
Vehumet
Wu Jian
Xom
Yredelemnul
Zin
The Shining One

Shops:
D:5 *==:(

Annotations:
D:6 2 runed translucent doors, bmj180's ghost, novice MiFi
Lair:2 1 runed translucent door Gauntlet 13 transporters


Innate Abilities, Weirdness & Mutations

You reflexively headbutt those who attack you in melee.
You have a pair of horns on your head.
You are partially covered in slimy green scales. (AC +2)
You are very robust. (+20% HP)


Message History

* * * LOW HITPOINT WARNING * * *
The death scarab drains your vigour!
You feel as though you will be slow longer.
The death scarab draws strength from your injuries!
The spectral black mamba bites you!
* * * LOW HITPOINT WARNING * * *
The spectral black mamba bites you but does no damage.
The spectral seven-headed hydra bites you.
* * * LOW HITPOINT WARNING * * *
The spectral seven-headed hydra closely misses you.
The spectral seven-headed hydra bites you but does no damage. x2
The spectral seven-headed hydra bites you.
* * * LOW HITPOINT WARNING * * *
The spectral seven-headed hydra bites you.
* * * LOW HITPOINT WARNING * * *
The spectral seven-headed hydra bites you.
* * * LOW HITPOINT WARNING * * *
The spectral black mamba bites you but does no damage.
The spectral seven-headed hydra bites you!
You die...

)c©[..c#.#...?©=:..#.#...$©)[..#.
#...#.G#.#.^.....^.#.#.#.#.#.#.#.
######.#.#^#######.#.#..#.#.#..#.
.#.#..##.#.#.#.#.#.#.#.#.#.#.#.#.
..©.≈..#.#....©....#.#..#.©.#..#.
.#.#≈.##.##^#Z#.#§##.#.#.#.#.#.#.
#.≈≈##.#.#.#######.#.#u.#.#.#..#.
#..≈#≈p#.#..s..ZZ.s#.#G#.#.#.#.#.
.#.#≈mT#.#.....Z@..#.#u........#.
################################.
≈#©...........©...........©#.....
##############.#############....≈
......©#≈≈8≈§#.#..............###
##############.#..............#8#
.#.#.........#.#..###############
##.#.#.....#.#.#..#8# #8# #8#
.#.#..##.##..#.#..### ### ###


You could see 2 ugly things, a glowing orange brain, a spectral black mamba, a
spectral seven-headed hydra, a spectral four-headed hydra, a spectral dream
sheep and 2 death scarabs.

Vanquished Creatures
  A two-headed ogre (D:5)
  5 elephants (Lair:3)
  A spiny frog (Lair:2)
  A rime drake (Lair:2)
  Prince Ribbit (D:7)
  A blink frog (Lair:2)
  3 hippogriffs
  Grinder (D:3)
  A centaur simulacrum (Gauntlet)
  Sigmund (D:3)
  5 yaks
  3 chaos spawn (Gauntlet)
  A neqoxec (Gauntlet)
  3 nagas (Lair:2)
  8 porcupines
  2 water moccasins
  2 orc warriors
  A black bear (D:8)
  2 sky beasts
  3 ogres
  4 phantoms
  6 crocodiles
  5 centaurs
  12 bullfrogs
  A spiny frog simulacrum (Gauntlet)
  12 killer bees (D:8)
  3 scorpions
  4 wights (D:8)
  A howler monkey (D:8)
  4 crimson imps
  A jelly (D:7)
  6 orc priests
  2 centaur skeletons
  6 hounds
  2 bullfrog skeletons (D:6)
  3 iguanas
  8 orc wizards
  6 worker ants
  A bullfrog simulacrum (Gauntlet)
  5 gnolls
  3 adders
  2 shadow imps (D:5)
  2 oozes
  2 adder zombies (D:5)
  5 worms
  5 dart slugs
  7 leopard geckos
  39 orcs
  3 giant cockroaches
  5 goblins
  6 hobgoblins
  10 jackals
  8 kobolds
  6 quokkas
  4 ball pythons
  A ball python skeleton (D:5)
  4 bats
  5 frilled lizards
  A giant cockroach zombie (D:5)
  A jackal skeleton (D:5)
  2 leopard gecko skeletons
  A quokka zombie (D:6)
  10 rats
  A demonic plant (Gauntlet)
271 creatures vanquished.

Vanquished Creatures (others)
  A bush (D:8)
  27 demonic plants (Gauntlet)
  A fungus (Lair:2)
  2 plants
  8 toadstools (Lair:2)
39 creatures vanquished.

Grand Total: 310 creatures vanquished

Notes
Turn   | Place    | Note
-------+----------+-------------------------------------------
     0 | D:1      | teukkam the Minotaur Fighter began the quest for the Orb.
     0 | D:1      | Reached XP level 1. HP: 19/19 MP: 0/0
   170 | D:1      | Reached XP level 2. HP: 18/27 MP: 1/1
   543 | D:3      | Reached XP level 3. HP: 33/33 MP: 2/2
   618 | D:3      | Noticed Sigmund
   628 | D:3      | Killed Sigmund
   628 | D:3      | Reached XP level 4. HP: 32/41 MP: 3/3
   628 | D:3      | Reached XP level 5. HP: 37/47 MP: 4/4
   746 | D:4      | Reached skill level 5 in Fighting
   746 | D:4      | Reached skill level 5 in Shields
   746 | D:4      | Reached skill level 5 in Armour
   751 | D:4      | Reached XP level 6. HP: 27/56 MP: 5/5
   803 | D:5      | Entered Level 5 of the Dungeon
  1012 | D:5      | Noticed a sky beast
  1028 | D:5      | Noticed a two-headed ogre
  1579 | D:3      | Noticed Grinder
  1583 | D:3      | Gained mutation: You are robust. (+10% HP) [potion of
                  | mutation]
  1583 | D:3      | Gained mutation: You are partially covered in slimy green
                  | scales. (AC +2) [potion of mutation]
  1583 | D:3      | Gained mutation: You are very robust. (+20% HP) [potion of
                  | mutation]
  2768 | D:2      | Found a bloodstained altar of Trog.
  2943 | D:3      | Killed Grinder
  2943 | D:3      | Reached skill level 5 in Axes
  2943 | D:3      | Reached XP level 7. HP: 75/75 MP: 6/6
  3081 | D:5      | Found Saco's Antique Weapon Shoppe.
  3095 | D:5      | Found Ymiu's Jewellery Emporium.
  3162 | D:5      | Reached XP level 8. HP: 37/85 MP: 7/7
  3315 | D:5      | Found Koiwk's Jewellery Boutique.
  3350 | D:5      | Found an iron altar of Okawaru.
  3545 | D:5      | Killed a two-headed ogre
  3805 | D:5      | Found Venitaaha's Book Shoppe.
  3886 | D:5      | Got an ancient marble ring
  3887 | D:5      | Identified the ring of Gaptuqofoh {rPois rN+ MR+ Int+4}
                  | (You found it on level 5 of the Dungeon)
  4010 | D:5      | Reached XP level 9. HP: 85/97 MP: 8/8
  4245 | D:7      | Noticed Prince Ribbit
  4252 | D:7      | Killed Prince Ribbit
  4389 | D:7      | Got a transparent short sword
  4390 | D:7      | Identified the cursed +1 short sword of Defence by Offence
                  | {flame, MR++} (You found it on level 7 of the Dungeon)
  4858 | D:4      | Found a sparkling altar of Nemelex Xobeh.
  4894 | D:4      | Reached skill level 1 in Short Blades
  5305 | D:4      | Found a staircase to the Ecumenical Temple.
  5311 | Temple   | Entered the Ecumenical Temple
  5426 | Temple   | Became a worshipper of Zin the Law-Giver
  5426 | Temple   | Reached * piety under Zin
  5426 | Temple   | Reached ** piety under Zin
  6576 | D:5      | Found Ruhath's Assorted Antiques.
  6585 | D:5      | Bought an ichor-stained quarterstaff for 180 gold pieces
  6591 | D:5      | Identified the +6 quarterstaff of the Endless Runes {elec,
                  | rPois rN+ Int+2} (You bought it in a shop on level 5 of the
                  | Dungeon)
  6680 | D:6      | Reached skill level 1 in Staves
  6716 | D:6      | Reached skill level 2 in Staves
  6815 | D:6      | Reached XP level 10. HP: 72/109 MP: 9/9
  6947 | D:6      | Reached skill level 3 in Staves
  7126 | D:6      | Reached skill level 4 in Staves
  7138 | D:6      | Reached *** piety under Zin
  7169 | D:6      | Found a runed translucent door.
  7170 | D:6      | Noticed bmj180's ghost (novice MiFi)
  7365 | D:6      | Found a runed translucent door.
  7366 | D:6      | Reached skill level 5 in Staves
  7713 | D:8      | Found a sacrificial altar of Ru.
  7728 | D:8      | Found a staircase to the Lair.
  7736 | D:8      | Reached skill level 6 in Staves
  7763 | D:7      | Reached skill level 7 in Staves
  7964 | D:7      | Reached skill level 8 in Staves
  8250 | D:8      | Reached skill level 9 in Staves
  8508 | D:8      | Reached skill level 10 in Staves
  8648 | Lair:1   | Entered Level 1 of the Lair of Beasts
  8707 | Lair:1   | Reached **** piety under Zin
  8774 | Lair:2   | Reached skill level 11 in Staves
  8774 | Lair:2   | Reached XP level 11. HP: 108/116 MP: 10/10
  8801 | Lair:2   | Got a steaming dagger
  8803 | Lair:2   | Identified the +8 dagger of Youthful Indiscretion
                  | {antimagic, Fragile rElec Str+2 Dex+4} (You found it on
                  | level 2 of the Lair of Beasts)
  8878 | Lair:2   | Noticed a catoblepas
  8878 | Lair:2   | Noticed a dire elephant
  8912 | Lair:2   | Found a runed translucent door.
  9004 | Lair:2   | Found a staircase to the Snake Pit.
  9284 | Lair:3   | Reached skill level 12 in Staves
  9386 | Lair:3   | Reached skill level 13 in Staves
  9479 | Lair:3   | Found a gate leading to a gauntlet.
  9545 | Gauntlet | Entered a Gauntlet
  9545 | Gauntlet | Found a transporter.
  9553 | Gauntlet | Noticed a fire crab
  9556 | Gauntlet | Found a transporter.
  9569 | Gauntlet | Found a transporter.
  9577 | Gauntlet | Found a transporter.
  9590 | Gauntlet | Noticed a dire elephant
  9592 | Gauntlet | Found a transporter.
  9608 | Gauntlet | Noticed a thrashing horror
  9611 | Gauntlet | Found a transporter.
  9612 | Gauntlet | Noticed a thrashing horror
  9631 | Gauntlet | Found a transporter.
  9631 | Gauntlet | Noticed an ettin
  9633 | Gauntlet | an ettin changed into something unseen
  9641 | Gauntlet | Noticed a mana viper
  9641 | Gauntlet | a salamander changed into a mana viper
  9643 | Gauntlet | Found a transporter.
  9643 | Gauntlet | Noticed an entropy weaver
  9643 | Gauntlet | a tyrant leech changed into an entropy weaver
  9644 | Gauntlet | Noticed a lindwurm
  9644 | Gauntlet | a cyclops changed into a lindwurm
  9647 | Gauntlet | Noticed an emperor scorpion
  9647 | Gauntlet | an entropy weaver changed into an emperor scorpion
  9649 | Gauntlet | Noticed an entropy weaver
  9649 | Gauntlet | an emperor scorpion changed into an entropy weaver
  9649 | Gauntlet | Noticed a glowing shapeshifter
  9649 | Gauntlet | a lindwurm changed into a glowing shapeshifter
  9650 | Gauntlet | a glowing shapeshifter changed into a slime creature
  9651 | Gauntlet | Noticed a death scarab
  9653 | Gauntlet | Noticed a glowing shapeshifter
  9653 | Gauntlet | a slime creature changed into a glowing shapeshifter
  9654 | Gauntlet | a mana viper changed into an eye of devastation
  9654 | Gauntlet | a glowing shapeshifter changed into a swamp worm
  9655 | Gauntlet | Found a transporter.
  9658 | Gauntlet | Noticed a death scarab
  9667 | Gauntlet | Found a transporter.
  9671 | Gauntlet | Noticed a glowing orange brain
  9681 | Gauntlet | Noticed a cyan ugly thing
  9682 | Gauntlet | Noticed a red ugly thing
  9684 | Gauntlet | Found a transporter.
  9702 | Gauntlet | Found a transporter.
  9704 | Gauntlet | Found a transporter.
  9736 | Gauntlet | Found a transporter.
  9738 | Gauntlet | Found a transporter.
  9738 | Gauntlet | Found a transporter.
  9807 | Gauntlet | Found a transporter.
  9810 | Gauntlet | Noticed an orb spider
  9811 | Gauntlet | Found a transporter.
  9821 | Gauntlet | an orb spider changed into a black bear
  9835 | Gauntlet | Noticed a harpy
  9838 | Gauntlet | a harpy changed into an eye of draining
  9839 | Gauntlet | Noticed a lindwurm
  9839 | Gauntlet | a torpor snail changed into a lindwurm
  9843 | Gauntlet | Noticed a harpy
  9843 | Gauntlet | a rime drake changed into a harpy
  9846 | Gauntlet | a harpy changed into a basilisk
  9854 | Gauntlet | Noticed a shock serpent
 10261 | Gauntlet | HP: 5/116 [spectral seven-headed hydra (5)]
 10261 | Gauntlet | HP: 2/116 [spectral seven-headed hydra (3)]
 10261 | Gauntlet | Mangled by a spectral seven-headed hydra

Skill      XL: |  1  2  3  4  5  6  7  8  9 10 11 |
---------------+----------------------------------+-----
Shields        | 4 5 6 8 9 |  9.3
Fighting       | 4 5 6 8 9 |  9.3
Armour         | 4 5 6 7 9 |  9.2
Axes           | 3 4 5 6 7 8 |  8.3
Short Blades   | 2 |  2.2
Staves         | 2 11 13 | 13.7

Action                   |  1- 3 |  4- 6 |  7- 9 | 10-12 || total
-------------------------+-------+-------+-------+-------++-------
Melee: War axe           |    53 |    97 |   162 |       ||   312
       Headbutt          |    12 |    16 |    69 |    48 ||   145
       Short sword       |       |       |   147 |    13 ||   160
       Quarterstaff      |       |       |    19 |   219 ||   238
 Fire: Shortbow          |       |       |       |    15 ||    15
Throw: Tomahawk          |       |       |    16 |    13 ||    29
Invok: Recite            |       |       |     5 |     7 ||    12
       Vitalisation      |       |       |       |     1 ||     1
Evoke: Wand              |       |       |     6 |       ||     6
  Use: Potion            |     1 |     6 |     1 |     1 ||     9
       Scroll            |       |     5 |     5 |     2 ||    12
 Stab: Confused          |       |       |       |     1 ||     1
       Invisible         |       |       |       |     1 ||     1
  Eat: Chunk             |       |     2 |     3 |     3 ||     8
       Ration            |       |     2 |     2 |     3 ||     7
Armor: Scale mail        |    20 |    44 |   106 |    18 ||   188
       Skin              |       |       |    19 |       ||    19
       Chain mail        |       |       |       |   118 ||   118
Dodge: Dodged            |     9 |    34 |   109 |   112 ||   264
Block: Shield            |    21 |    59 |   200 |     8 ||   288
